Map: Turbo Cruise '84 LE

Players

HeroMarine

  • Race: Terran Terran
  • League: Master
  • Spawn Location: 3:00

soO - Winner!

  • Race: Zerg Zerg
  • Spawn Location: 7:00

Event: HomeStory Cup XIX

VOD

Have the link to the VOD?

Description

Time

  • Played on: June 28, 2019, 12:47 p.m.
  • Length: 13:15

All games in this series

Show
View Real Time Build Order
Export as new Build Order

HeroMarine Terran 

Build Orders: Liberator Opening, Reaper Expand 

Get SALT Encoding   

  12  0:00  SCV  
  13  0:12  SCV  
  14  0:17  Supply Depot  
  14  0:25  SCV  
  15  0:38  SCV  
  15  0:39  Barracks  
  16  0:43  Refinery  
  16  0:50  SCV  
  17  1:03  SCV  
  18  1:15  SCV  
  19  1:27  Orbital Command, Reaper  
  20  1:41  Command Center  
  20  1:52  SCV, Supply Depot  
  21  1:58  Marine  
  22  2:04  SCV  
  22  2:08  Factory  
  23  2:14  Refinery  
  23  2:16  SCV  
  23  2:20  Barracks Reactor  
  24  2:28  SCV  
  25  2:41  SCV  
  26  2:53  SCV  
  26  2:54  Starport  
  26  2:55  Orbital Command  
  27  3:01  Hellion x2  
  27  3:05  SCV  
  32  3:06  Marine  
  33  3:14  Liberator  
  33  3:17  SCV  
  34  3:22  SCV  
  34  3:23  Hellion x2  
  39  3:29  SCV  
  39  3:31  Barracks Tech Lab  
  43  3:34  SCV  
  43  3:36  Supply Depot  
  44  3:43  SCV  
  44  3:45  Supply Depot  
  45  3:51  Stimpack, Marine  
  46  3:58  SCV x2, Hellion  
  46  3:59  Hellion  
  52  4:09  Marine  
  53  4:10  SCV x2  
  55  4:24  SCV x2  
  57  4:26  Command Center, Supply Depot  
  57  4:28  Marine  
  58  4:33  Factory Tech Lab  
  58  4:36  SCV x2  
  60  4:42  Barracks x2  
  59  4:46  Marine  
  59  4:48  SCV x2  
  59  4:50  Starport Reactor  
  62  4:57  Engineering Bay  
  62  4:58  Engineering Bay  
  62  5:00  SCV x2  
  62  5:01  Siege Tank  
  62  5:04  Marine  
  68  5:12  Bunker, SCV  
  69  5:15  SCV  
  69  5:22  Marine  
  69  5:24  Terran Infantry Weapons Level 1, Terran Infantry Armor Level 1  
  70  5:30  Refinery x2  
  70  5:35  Marine  
  70  5:36  Marine, SCV x2  
  70  5:38  Starport Reactor  
  70  5:39  Marine x2  
  76  5:43  Siege Tank, Marine  
  76  5:45  Orbital Command  
  76  5:48  SCV x2  
  82  5:52  Combat Shield  
  82  5:53  Marine, Supply Depot  
  83  6:00  Marine x2, SCV x2  
  83  6:01  Marine  
  88  6:06  Marine  
  88  6:07  Orbital Command  
  77  6:12  SCV x2  
  77  6:13  Marine  
  77  6:17  Siege Tank  
  77  6:18  Marine x2  
  85  6:19  Marine  
  85  6:21  Medivac  
  85  6:24  Marine  
  89  6:25  Supply Depot, Medivac  
  89  6:27  SCV x2, Supply Depot  
  89  6:31  Marine  
  94  6:35  Marine x2, SCV  
  94  6:39  SCV x2  
  99  6:41  Marine  
  99  6:42  Marine, Armory  
  101  6:47  SCV  
  101  6:49  Siege Tank  
  101  6:51  SCV  
  106  6:55  Barracks  
  106  6:57  Marine x2  
  106  6:59  Barracks  
  108  7:03  Marine  
  108  7:04  Marine  
  108  7:07  SCV x3  
  113  7:10  Marine  
  113  7:12  Supply Depot  
  113  7:14  Supply Depot, Medivac  
  116  7:21  Medivac  
  116  7:22  Marine x2  
  117  7:31  Supply Depot  
  117  7:32  Marine, Supply Depot  
  117  7:33  Siege Tank, Marine x2, SCV x3  
  117  7:34  Refinery  
  117  7:35  Terran Infantry Weapons Level 2, Refinery  
  125  7:40  Marine  
  125  7:41  Marine  
  125  7:43  Barracks Reactor  
  127  7:46  Barracks Reactor, SCV x3  
  130  7:52  Marine x3  
  130  7:56  Terran Infantry Armor Level 2  
  130  7:57  Marine  
  130  7:58  Supply Depot x2  
  133  8:00  SCV x2  
  133  8:04  Marine  
  137  8:09  Factory  
  137  8:10  Marine x3  
  140  8:15  Siege Tank, Marine  
  143  8:22  Marine  
  142  8:32  Marine  
  142  8:33  Barracks, Marine x4  
  142  8:34  Barracks, Marine x2  
  146  8:35  Barracks, Marine  
  146  8:40  Marine  
  150  8:42  Supply Depot  
  150  8:43  Supply Depot  
  150  8:47  Siege Tank  
  146  8:52  Terran Vehicle And Ship Armor Level 1  
  146  8:53  Factory Tech Lab  
  146  9:00  Sensor Tower  
  137  9:10  Marine x2  
  137  9:13  Supply Depot x2  
  137  9:15  SCV  
  140  9:17  Command Center  
  140  9:19  Siege Tank  
  140  9:23  Medivac x2  
  140  9:24  Siege Tank, Marine  
  150  9:25  Barracks Tech Lab x2  
  150  9:28  Marine x2  
  150  9:31  Marine x2  
  155  9:35  Marine, Supply Depot  
  155  9:37  Supply Depot  
  156  9:39  Concussive Shells  
  156  9:40  Marauder  
  156  9:44  Marine x5  
  163  9:46  Barracks Tech Lab  
  163  9:51  Siege Tank  
  156  10:00  Supply Depot  
  156  10:02  Marauder  
  156  10:03  Marauder x2  
  156  10:05  Marine x2  
  156  10:06  Marine  
  165  10:08  Marine x2  
  165  10:11  Terran Infantry Weapons Level 3  
  167  10:15  Marine  
  167  10:16  Marine  
  167  10:20  Marine, Marauder  
  140  10:23  Marauder  
  140  10:24  Marauder  
  124  10:30  Marine, Marauder, Terran Infantry Armor Level 3  
  124  10:31  Marine x4  
  124  10:33  Marine x2  
  127  10:40  Marine  
  127  10:42  Siege Tank, Marauder  
  131  10:43  Siege Tank  
  131  10:44  Marine  
  133  10:50  Marine x2  
  133  10:56  Marauder, Medivac x2  
  141  10:57  Marine x3  
  141  10:58  Marine  
  141  11:00  Marine x3  
  141  11:02  Planetary Fortress  
  148  11:12  Marauder  
  148  11:14  Siege Tank  
  148  11:16  Orbital Command, Marine x2  
  142  11:19  Marine x4  
  142  11:21  Marine x2  
  142  11:25  Orbital Command, Marauder  
  147  11:26  Marine x2  
  117  11:42  Marine x3  
  117  11:44  SCV x3  
  123  11:48  Marine x2, Marauder x3  
  123  11:49  Marine  
  123  11:51  Marine  
  123  11:52  Marine, Liberator x2  
  133  11:59  Marine  
  128  12:09  Marauder  
  128  12:11  Siege Tank, Marine  
  138  12:16  Marine x2  
  138  12:19  Marine x4  
  144  12:24  Supply Depot  
  144  12:25  Supply Depot  
  144  12:30  Marauder  
  144  12:31  Marauder  
  148  12:40  Marauder  
  130  12:46  Marauder, Marine x4  
  130  12:47  Orbital Command  
  130  12:48  Marine x2  
  130  12:51  Marine x2  
  134  12:52  Marauder x2  
Show
View Real Time Build Order
Export as new Build Order

soO Zerg - Winner!

Build Orders: Hatch First 

Get SALT Encoding   

  12  0:00  Drone  
  13  0:12  Overlord  
  13  0:17  Drone  
  14  0:30  Drone x2  
  16  0:47  Hatchery  
  15  0:51  Drone  
  15  0:55  Drone  
  17  0:59  Drone  
  18  1:08  Extractor  
  17  1:13  Spawning Pool  
  17  1:17  Drone  
  17  1:21  Drone  
  18  1:27  Drone  
  19  1:38  Drone  
  20  1:49  Overlord  
  20  2:00  Queen x2  
  20  2:01  Zergling x4  
  26  2:10  Metabolic Boost  
  26  2:12  Drone x2  
  28  2:25  Drone  
  28  2:26  Extractor  
  28  2:33  Drone  
  29  2:38  Hatchery  
  29  2:42  Drone  
  29  2:44  Drone  
  29  2:49  Extractor  
  29  2:50  Queen  
  32  2:56  Overlord  
  32  2:58  Drone  
  33  3:00  Drone  
  34  3:06  Drone x2  
  34  3:12  Extractor  
  36  3:14  Drone x2  
  36  3:15  Drone  
  40  3:25  Overlord  
  40  3:26  Drone  
  40  3:27  Zergling x4  
  43  3:37  Overlord  
  43  3:41  Drone  
  44  3:44  Drone  
  44  3:47  Drone  
  44  3:48  Queen  
  48  3:50  Drone, Queen  
  51  3:56  Drone, Roach Warren  
  51  3:57  Drone  
  51  3:59  Zergling x4  
  54  4:03  Drone  
  54  4:05  Drone x3  
  60  4:10  Drone x2  
  60  4:11  Extractor x2  
  60  4:14  Drone  
  60  4:15  Drone  
  60  4:21  Overlord  
  60  4:32  Drone  
  60  4:33  Drone  
  60  4:36  Roach x2  
  60  4:37  Overlord  
  66  4:40  Spore Crawler x2  
  66  4:41  Spore Crawler  
  66  4:42  Roach x3  
  68  4:48  Drone x2  
  68  4:50  Drone x2  
  68  4:52  Drone  
  71  4:55  Drone  
  72  5:04  Drone  
  72  5:06  Lair  
  73  5:14  Drone  
  74  5:15  Overlord  
  74  5:16  Overlord  
  72  5:21  Drone x2  
  72  5:22  Overlord  
  72  5:24  Overlord  
  74  5:29  Overlord  
  74  5:36  Drone x9  
  74  5:40  Drone x2  
  74  5:41  Drone  
  86  5:44  Drone x3  
  86  5:48  Drone x3  
  92  5:51  Drone, Evolution Chamber x2  
  92  5:55  Drone  
  92  5:58  Extractor  
  92  5:59  Extractor  
  92  6:00  Zergling x4  
  92  6:01  Baneling Nest  
  90  6:08  Drone  
  87  6:18  Zerg Ground Armor Level 1, Zerg Melee Weapons Level 1  
  87  6:19  Zergling x20  
  87  6:21  Ravager  
  87  6:22  Ravager x3  
  101  6:33  Hatchery  
  101  6:38  Drone  
  101  6:39  Hatchery  
  100  6:45  Centrifical Hooks  
  100  6:47  Drone x2  
  101  6:49  Baneling x3  
  101  6:50  Baneling x2  
  101  6:53  Zergling x10  
  103  7:01  Drone x2  
  103  7:02  Drone  
  107  7:08  Drone  
  107  7:10  Baneling x2, Zergling x12  
  113  7:19  Overlord  
  113  7:24  Overlord  
  113  7:26  Infestation Pit  
  113  7:28  Drone  
  113  7:33  Drone  
  113  7:34  Overlord  
  113  7:36  Overlord  
  114  7:37  Overseer  
  114  7:43  Drone x2  
  114  7:44  Drone x4  
  119  7:48  Zergling x20  
  130  7:53  Drone x3, Queen  
  135  8:01  Zergling x8  
  135  8:04  Hive  
  139  8:08  Baneling x9, Zergling x2  
  139  8:09  Zergling x4  
  141  8:16  Zerg Ground Armor Level 2  
  141  8:17  Zerg Melee Weapons Level 2  
  137  8:32  Zergling x2  
  137  8:33  Zergling x30  
  144  8:39  Queen x2  
  143  8:42  Zergling x14  
  149  8:49  Zergling x14  
  149  8:50  Baneling x2  
  149  8:51  Baneling x11  
  154  9:03  Zergling x10  
  154  9:15  Zergling x2  
  154  9:16  Zergling x4, Overlord  
  154  9:17  Overlord x2  
  157  9:18  Overlord, Adrenal Glands  
  157  9:19  Ultralisk Cavern  
  156  9:25  Extractor  
  155  9:33  Baneling x10  
  155  9:36  Zergling x2  
  155  9:37  Zergling x24, Hatchery  
  167  9:45  Drone x8  
  173  10:00  Zergling x14, Viper  
  173  10:04  Baneling x15  
  181  10:07  Overseer x2  
  181  10:08  Chitinous Plating  
  174  10:15  Zergling x18  
  161  10:27  Zergling x16  
  146  10:30  Zergling x2  
  137  10:36  Ultralisk x2  
  137  10:37  Zergling x12  
  153  10:45  Drone x7  
  153  10:49  Baneling x6  
  158  10:51  Baneling x6  
  158  10:52  Zergling x6  
  161  11:03  Zergling x20  
  171  11:08  Zergling x4  
  172  11:12  Zergling x10  
  171  11:19  Zergling x8, Ultralisk  
  171  11:22  Baneling x11  
  166  11:33  Zergling x16, Ultralisk  
  170  11:43  Drone x3  
  170  11:46  Spire  
  163  12:00  Zergling x2  
  163  12:01  Zergling x32  
  169  12:07  Hatchery  
  169  12:08  Baneling x9  
  162  12:12  Baneling x3, Ultralisk  
  162  12:13  Zergling x12  
  174  12:19  Zergling x16  
  182  12:29  Anabolic Synthesis  
  182  12:30  Zergling x12  
  166  12:52  Zergling x4  
  166  12:53  Zergling x26  
  166  12:57  Zergling x6  
  166  12:58  Zergling x2  
Tags
 
Add a new tag
Caveats
  • Supply blocks, unpowered buildings, or Contaminate may cause inaccurate times.
  • Supply counts are checked every 10 seconds.